 Dungeon Crawl Stone Soup version 0.31.0-12-g77e489cdc1 (webtiles) character file.

Game seed: 2293758597967576212

16 RancidPinata the Sneak (level 2, -3/21 HPs)
             Began as an Octopode Delver on Feb 14, 2024.
             Slain by a troll (13 damage)
             ... on level 5 of the Dungeon.
             The game lasted 00:03:53 (342 turns).

RancidPinata the Sneak (Octopode Delver)             Turns: 342, Time: 00:03:54

Health: -3/21      AC:  1    Str: 11    XL:     2   Next: 58%
Magic:  2/2        EV: 18    Int: 12    God:
Gold:   181        SH:  0    Dex: 13    Spells: 1/1 levels left

rFire   . . .        a - +0 short sword
rCold   . . .        (no shield)
rNeg    . . .        (helmet restricted)
rPois   .            (no amulet)
rElec   .            h - +5 ring of evasion
rCorr   .            (no ring)
SInv    .            (no ring)
Will    .....        (no ring)
Stlth   ++++         (no ring)
HPRegen 0.23/turn    (no ring)
MPRegen 0.08/turn    (no ring)
                     (no ring)

%: no passive effects
@: hasted, very quick
A: almost no armour, amphibious, 8 rings, camouflage 1, gelatinous body 1,
(nimble swimmer 1), tentacles
a: no special abilities


You were on level 5 of the Dungeon.
You visited 1 branch of the dungeon, and saw 3 of its levels.

You collected 181 gold pieces.

Inventory:

Hand Weapons
 a - a +0 short sword (weapon)
 k - the +5 spear of Baewusso {flame, rC+}
   (You found it on level 5 of the Dungeon)

   rC+:       It protects you from cold.
Jewellery
 h - a +5 ring of evasion (left tentacle)
Wands
 f - a wand of digging (3)
 j - a wand of roots (7)
 l - a wand of flame (22)
Scrolls
 b - a scroll of fog
 c - a scroll of revelation
 d - a scroll of fear
 g - a scroll of identify {unknown}
 i - a scroll of brand weapon {unknown}
 m - a scroll of teleportation {unknown}
Potions
 n - a potion of heal wounds {unknown}


   Skills:
 * Level 3.2 Fighting
 + Level 2.1 Short Blades
 * Level 2.3 Dodging
 * Level 6.8 Stealth


You had one spell level left.
You didn't know any spells.
Your spell library was empty.

Dungeon Overview and Level Annotations

Branches:
Dungeon (6/15)
 Temple: D:4-7

Altars:
Xom


Innate Abilities, Weirdness & Mutations

You cannot wear most types of armour.
You are amphibious.
You can wear up to eight rings at the same time.
Your skin changes colour to match your surroundings (Stealth+).
Your rubbery body absorbs attacks. (AC +1, EV +1)
((You are camouflaged when in or above water. (Stealth+)))
You have tentacles for arms and can constrict up to eight enemies at once.


Message History

The hobgoblin barely misses you.
The hobgoblin attacks as it pursues you!
The hobgoblin misses you.
There is a stone staircase leading down here.
The hobgoblin hits you.
You climb downwards.
There is a stone staircase leading up here.
You hit the hobgoblin. You grab the hobgoblin. You squeeze the hobgoblin.
You kill the hobgoblin!
You have reached level 2!
An adder comes into view.
You start resting.
HP restored.
You miss the adder. You grab the adder.
You constrict the adder, but do no damage.
The adder misses you. The adder barely misses you.
You hit the adder. You squeeze the adder.
The adder is heavily wounded.
You constrict the adder. The adder misses you.
You barely miss the adder.
The adder is heavily wounded.
You constrict the adder, but do no damage.
The adder closely misses you.
You hit the adder. You squeeze the adder.
You kill the adder!
A troll comes into view.
You see here an adder corpse.
You feel yourself speed up.
The helpless troll fails to defend itself.
You puncture the troll!
The troll is moderately wounded.
You hit the troll but do no damage.
You tentacle-slap the troll, but do no damage.
Your squeeze misses the troll.
The troll is moderately wounded.
The troll completely misses you. The troll claws you!
Ouch! That really hurt!
The troll claws you!
Ouch! That really hurt!
You die...

# . .## .. ..## .. ###...#
#.###.....## .##.....T....#
.......@##...#
....#..†.#..#
......##....### ........###
#......### ........#
###........ .......#
##........##
...#......####..........##
...#.....................##
..........#######.....<...#


You could see a troll.

Vanquished Creatures
  An adder (D:5)
  A dart slug (D:4)
  A giant cockroach (D:4)
  A goblin (D:4)
  A hobgoblin (D:5)
5 creatures vanquished.

Notes
Turn   | Place    | Note
-------+----------+-------------------------------------------
     0 | D:5      | RancidPinata the Octopode Delver began the quest for the
                  | Orb.
     0 | D:5      | Reached XP level 1. HP: 16/16 MP: 1/1
     8 | D:6      | Noticed a bombardier beetle
    52 | D:5      | Noticed a hound
    74 | D:5      | Noticed an iguana
   134 | D:5      | Found a shimmering altar of Xom.
   137 | D:5      | Identified the +5 spear of Baewusso {flame, rC+}
   286 | D:4      | Noticed an ogre
   289 | D:4      | Noticed a scorpion
   308 | D:5      | Reached XP level 2. HP: 17/21 MP: 2/2
   338 | D:5      | Noticed a troll
   342 | D:5      | Slain by a troll

Illustrated notes

Levels and vault maps discovered:
D:4:      layout_rooms, chequers_serial_rivers_large_a, grunt_ministairs_11,
          minmay_misc_feat_nine_boxes
D:5:      layout_cave_pools, amcnicky_altar_gilded, uniq_crazy_yiuf_cottage
D:6:      layout_cave_pools, fedhas_ov_isle_minmay,
          kennysheep_opposing_triangles

Action                     || total
---------------------------++-------
  Melee: Short sword       ||    11
         Tentacles         ||     4
         Constrict         ||     3
         Punch             ||     1
    Use: Potion            ||     1
   Stab: Sleeping          ||     3
 Armour: Skin              ||     4
  Dodge: Dodged            ||     8
